 Dungeon Crawl Stone Soup version 0.30-a0-851-gbd0d260d8e (webtiles) character file.

Game seed: 16953272318429376424

10174 Bnni the Destroyer (level 11, -11/95 HPs)
             Began as a Red Draconian Conjurer on Mar 3, 2023.
             Was a Believer of Vehumet.
             Killed by an exploding polar bear (14 damage)
             ... ignited by their inner flame
             ... on level 9 of the Dungeon on Mar 4, 2023.
             The game lasted 00:31:36 (12223 turns).

Bnni the Destroyer (Red Draconian Conjurer)        Turns: 12223, Time: 00:31:37

Health: -11/95     AC: 10    Str:  9    XL:     11   Next: 32%
Magic:  1/22       EV: 11    Int: 22    God:    Vehumet [**....]
Gold:   717        SH:  5    Dex: 11    Spells: 7/24 levels left

rFire   + . .      SeeInvis +    z - +7 short sword "Zyikos" {holy, rCorr SInv}
rCold   . . .      Faith    .    j - +0 buckler
rNeg    . . .      Spirit   .    (body armour unavailable)
rPois   +          Reflect  .    (helmet restricted)
rElec   .          Rampage  .    q - +2 cloak {rPois}
rCorr   +                        (no gloves)
Will    .....                    (no boots)
Stlth   ++                       (no amulet)
HPRegen 0.35/turn                (no ring)
MPRegen 0.18/turn                (no ring)

@: no status effects
A: breathe fire, AC +7, unfitting armour, fire resistance 1, cold-blooded
a: Breathe Fire, Renounce Religion


You were on level 9 of the Dungeon.
You worshipped Vehumet.
Vehumet was pleased with you.
You visited 2 branches of the dungeon, and saw 11 of its levels.
You also visited: Ossuary.

You collected 814 gold pieces.
You spent 97 gold pieces at shops.

Inventory:

Hand Weapons
 z - the +7 short sword "Zyikos" (weapon) {holy, rCorr SInv}
   (You found it on level 7 of the Dungeon)

   SInv:      It lets you see invisible.
   rCorr:     It protects you from acid and corrosion.
Missiles
 k - 21 poisoned darts
Armour
 j - a +0 buckler (worn)
 q - a +2 cloak of poison resistance (worn)
Wands
 u - a wand of digging (2)
 v - a wand of roots (5)
 y - a wand of flame (24)
Scrolls
 b - 3 scrolls of enchant weapon {unknown}
 c - 3 scrolls of enchant armour {unknown}
 d - 10 scrolls of teleportation {unknown}
 g - a scroll of immolation {unknown}
 i - a scroll of fear {unknown}
 l - 3 scrolls of summoning {unknown}
 n - 3 scrolls of magic mapping {unknown}
 o - 5 scrolls of poison
 t - a scroll of blinking
 x - 2 scrolls of fog
Potions
 e - 3 potions of berserk rage
 f - 4 potions of brilliance
 h - 2 potions of lignification
 m - 2 potions of attraction
 p - 2 potions of heal wounds {unknown}
 r - 5 potions of might
 s - 5 potions of flight
 w - 5 potions of curing
 A - 4 potions of haste {unknown}
 B - 2 potions of mutation {unknown}


   Skills:
 + Level 8.5 Fighting
 - Level 1.7 Dodging
 - Level 1.7 Stealth
 - Level 5.0 Shields
 + Level 7.4 Spellcasting
 * Level 11.9 Conjurations
 - Level 2.0 Hexes
 - Level 3.0 Translocations
 + Level 6.4 Fire Magic


You had 7 spell levels left.
You knew the following spells:

 Your Spells              Type           Power      Damage    Failure   Level
a - Magic Dart            Conj           100%       1d8       1%          1
b - Searing Ray           Conj           100%       2d8       1%          2
c - Inner Flame           Hex/Fire       26%        N/A       5%          3
d - Fulminant Prism       Conj/Hex       19%        3d11      5%          4
e - Iskenderun's Mystic   Conj/Tloc      41%        2d9       4%          4
f - Stone Arrow           Conj/Erth      68%        3d11      2%          3

Your spell library contained the following spells:

 Spells                   Type           Power      Damage    Failure   Level
 Momentum Strike          Conj/Tloc      82%        3d10      1%          2
 Dazzling Flash           Conj/Hex       76%        N/A       1%          3
 Vhi's Electric Charge    Tloc/Air       28%        N/A       16%         3
 Arcjolt                  Conj/Air       17%        1d27      24%         5
 Ozocubu's Armour         Ice            8%         N/A       30%         3
 Cause Fear               Hex            8%         N/A       41%         4
 Summon Forest            Summ/Tloc      7%         N/A       83%         5
 Metabolic Englaciation   Hex/Ice        6%         N/A       88%         5
 Eringya's Noxious Bog    Tmut/Pois      4%         N/A       100%        6
 Simulacrum               Ice/Necr       4%         N/A       100%        6
 Summon Hydra             Summ           4%         N/A       100%        7
 Discord                  Hex            8%         N/A       100%        8
 Lehudib's Crystal Spear  Conj/Erth      17%        10d5      100%        8
 Maxwell's Capacitive Co  Air            4%         ∞         100%        8
 Animate Armour           Summ/Erth      Unusable   N/A       N/A         4

Dungeon Overview and Level Annotations

Branches:
Dungeon (10/15)            Temple (1/1) D:7             Orc (0/2) D:10
Ossuary (visited)
   Lair: D:8-11

Altars:
Ashenzari
Cheibriados
Dithmenos
Elyvilon
Fedhas
Gozag
Hepliaklqana
Kikubaaqudgha
Makhleb
Nemelex Xobeh
Okawaru
Qazlal
Sif Muna
Trog
Uskayaw
Vehumet
Wu Jian
Xom
Yredelemnul
Zin

Shops:
D:7 ?

Annotations:
D:10 Erolcha


Innate Abilities, Weirdness & Mutations

You can breathe blasts of fire.
Your fiery red scales are hard. (AC +7)
You cannot fit into any form of body armour.
Your flesh is heat resistant. (rF+)
You are cold-blooded and may be slowed by cold attacks.


Message History

The polar bear bites you.
* * * LOW HITPOINT WARNING * * *
The polar bear claws you but does no damage. x2
Casting: Magic Dart (safe; 1% risk of failure)
Confirm with . or Enter, or press ? or * to list all spells.
Aiming: Inner Flame (mildly dangerous; 5% risk of failure)
Press: ? - help, Dir - move target, f - polar bear
Aim: a polar bear (heavily wounded, chance to affect: 81%)
The polar bear is filled with an inner flame.
Aiming: Magic Dart (safe; 1% risk of failure)
Press: ? - help, Q - select action, (/) - cycle Shift-Dir - straight line, f/p - polar bear
Aim: a polar bear (heavily wounded, inner flame, 100% to hit)
The magic dart hits the polar bear.
Flame seeps out of the polar bear.
The polar bear is heavily wounded.
The polar bear is engulfed in blazing flames.
Flame seeps out of the polar bear.
The polar bear is engulfed in blazing flames.
Flame seeps out of the polar bear.
The polar bear goes berserk!
Aiming: Magic Dart (safe; 1% risk of failure)
Press: ? - help, Q - select action, (/) - cycle Shift-Dir - straight line, f/p - polar bear
Aim: a polar bear (flame, almost dead, berserk, inner flame, 100% to hit)
The magic dart hits the polar bear but does no damage.
The polar bear is almost dead.
The polar bear is engulfed in blazing flames.
Flame seeps out of the polar bear.
Aiming: Magic Dart (safe; 1% risk of failure)
Press: ? - help, Q - select action, (/) - cycle Shift-Dir - straight line, f/p - polar bear
Aim: a polar bear (almost dead, berserk, inner flame, 100% to hit)
The magic dart hits the polar bear.
Flame seeps out of the polar bear.
The polar bear is almost dead.
The polar bear is engulfed in blazing flames.
Flame seeps out of the polar bear.
The polar bear bites you!!
* * * LOW HITPOINT WARNING * * *
The polar bear claws you but does no damage.
The polar bear closely misses you.
The polar bear is engulfed in blazing flames.
Vehumet accepts your kill.
The polar bear explodes!
The fiery explosion engulfs you! You resist.
You die...

#################################
........................>........
..####...####........###.....#...
..# #...# #....#...# #.....#...
..####...# #....#...# #.########
.........# #...@#...###.#~~~~~~~
.........# #...○#.......#~......
.####....# #..§§#.......#~......
.# #....####.).>§)......#~..####
.####.........###§#......#~..#
.......)......'...#####'##~..#
..............#..........#~..#
.#.....)......#..........#~..#
.#........>...#..........#~..#


There were no monsters in sight!

Vanquished Creatures
  Josephine (D:10)
  2 two-headed ogres
  Pikel (D:4)
  Psyche (D:8)
  2 polar bears (D:9)
  3 trolls
  A hornet (D:9)
  A shadow (D:10)
  2 wraiths (D:9)
  5 yaks (D:9)
  Grum (D:9)
  2 steam dragons (D:9)
  2 vampire mosquitoes (D:8)
  2 water moccasins
  3 black bears
  4 ice beasts
  4 sky beasts
  An orc warrior (D:8)
  5 wolves
  2 ogres (D:5)
  2 centaurs (D:5)
  2 phantoms
  2 kobold brigands
  5 bullfrogs
  2 scorpions
  5 wights
  A troll zombie (D:10)
  16 killer bees
  4 howler monkeys
  A hound (D:5)
  2 jellies (D:4)
  Crazy Yiuf (D:6)
  5 orc priests
  A sleepcap (D:4)
  2 iguanas
  4 orc wizards
  7 ogre zombies (D:10)
  8 mummies (Ossuary)
  8 adders
  A gnoll (D:1)
  A shadow imp (D:7)
  A white imp (D:7)
  An adder skeleton (D:3)
  A dart slug (D:2)
  25 orcs
  3 endoplasms
  5 giant cockroaches
  2 gnoll zombies (Ossuary)
  3 goblins
  3 hobgoblins
  3 jackals (D:1)
  3 quokkas
  8 ball pythons
  A ball python skeleton (D:3)
  A ball python zombie (D:3)
  5 bats
  5 frilled lizards
  A goblin skeleton (D:10)
  3 goblin zombies (D:10)
  3 hobgoblin skeletons (D:10)
  4 hobgoblin zombies
  16 kobolds
  2 kobold zombies (Ossuary)
  2 orc skeletons (D:10)
  16 orc zombies
  A quokka zombie (D:3)
  3 rats
246 creatures vanquished.

Vanquished Creatures (others)
  19 fulminant prisms
  2 withered plants (D:3)
21 creatures vanquished.

Grand Total: 267 creatures vanquished

Notes
Turn   | Place    | Note
-------+----------+-------------------------------------------
     0 | D:1      | Bnni the Draconian Conjurer began the quest for the Orb.
     0 | D:1      | Reached XP level 1. HP: 14/14 MP: 3/3
   398 | D:1      | Reached XP level 2. HP: 19/22 MP: 0/5
   687 | D:1      | Learned a level 2 spell: Searing Ray
   784 | D:1      | Reached skill level 1 in Fighting
  1648 | D:2      | Reached XP level 3. HP: 27/28 MP: 0/6
  1814 | D:2      | Found an iron altar of Okawaru.
  2884 | D:3      | Reached XP level 4. HP: 36/36 MP: 4/7
  3027 | D:3      | Reached skill level 5 in Conjurations
  3271 | D:3      | Found an ornate altar of the Wu Jian Council.
  3271 | D:3      | Found an opulent altar of Gozag.
  3590 | D:4      | Learned a level 4 spell: Iskenderun's Mystic Blast
  3601 | D:4      | Noticed a bullfrog
  3607 | D:4      | Killed a bullfrog
  3608 | D:4      | Reached XP level 5. HP: 40/42 MP: 1/9
  3861 | D:4      | Noticed Pikel
  3976 | D:4      | Noticed an ice beast
  3987 | D:4      | Killed an ice beast
  3988 | D:4      | Reached skill level 6 in Conjurations
  3988 | D:4      | Reached XP level 6. HP: 51/51 MP: 2/11
  4243 | D:4      | Found a stormy altar of Qazlal.
  4537 | D:4      | Killed Pikel
  4538 | D:4      | Reached skill level 7 in Conjurations
  4538 | D:4      | Your scales start taking on a fiery red colour.
  4538 | D:4      | Reached XP level 7. HP: 15/60 MP: 0/13
  4538 | D:4      | Gained mutation: Your flesh is heat resistant. (rF+) [Red
                  | Draconian growth]
  4642 | D:4      | Learned a level 4 spell: Fulminant Prism
  5011 | D:5      | Entered Level 5 of the Dungeon
  5040 | D:5      | Reached XP level 8. HP: 67/67 MP: 10/14
  5135 | D:5      | Reached skill level 5 in Fighting
  5135 | D:5      | Reached skill level 8 in Conjurations
  5310 | D:5      | Reached skill level 5 in Spellcasting
  5830 | D:5      | Learned a level 3 spell: Inner Flame
  5853 | D:5      | Found a shimmering blue altar of Sif Muna.
  6046 | D:5      | Reached skill level 9 in Conjurations
  6046 | D:5      | Reached skill level 1 in Hexes
  6351 | D:6      | Found a shadowy altar of Dithmenos.
  6843 | D:6      | Found a runed translucent door.
  6844 | D:6      | Noticed Crazy Yiuf
  6850 | D:6      | Killed Crazy Yiuf
  6851 | D:6      | Reached XP level 9. HP: 30/74 MP: 9/17
  7126 | D:7      | Identified the +7 short sword "Zyikos" {holy, rCorr SInv}
  7284 | D:7      | Reached skill level 1 in Fire Magic
  7914 | D:7      | Found Paoq's Magic Scroll Boutique.
  7922 | D:7      | Bought a scroll of blinking for 97 gold pieces
  8036 | D:7      | Reached skill level 1 in Shields
  8122 | D:7      | Found a staircase to the Ecumenical Temple.
  8128 | Temple   | Entered the Ecumenical Temple
  8311 | D:8      | Noticed a two-headed ogre
  8314 | D:8      | Noticed Psyche
  8556 | D:8      | Killed a two-headed ogre
  8557 | D:8      | Reached skill level 10 in Conjurations
  8615 | D:8      | Found a sand-covered staircase.
  8619 | Ossuary  | Entered an ossuary
  8817 | Ossuary  | Reached XP level 10. HP: 86/86 MP: 0/19
  9127 | D:8      | Learned a level 3 spell: Stone Arrow
  9336 | D:8      | Killed Psyche
  9417 | D:8      | Reached skill level 1 in Translocations
 10105 | D:9      | Noticed Grum
 10112 | D:9      | Killed Grum
 10285 | D:9      | Found a radiant altar of Vehumet.
 10395 | D:9      | Became a worshipper of Vehumet
 10778 | D:9      | Reached skill level 11 in Conjurations
 10778 | D:9      | Reached skill level 5 in Fire Magic
 10970 | D:9      | Found a snail-covered altar of Cheibriados.
 10970 | D:9      | Found a shimmering altar of Xom.
 11482 | D:10     | Entered Level 10 of the Dungeon
 11490 | D:10     | Found a staircase to the Orcish Mines.
 11497 | D:10     | Reached * piety under Vehumet
 11497 | D:10     | Offered knowledge of Kiss of Death by Vehumet.
 11524 | D:10     | Reached XP level 11. HP: 38/94 MP: 1/21
 11549 | D:10     | Noticed Josephine
 11560 | D:10     | Killed Josephine
 11632 | D:10     | Noticed Erolcha
 12091 | D:9      | Noticed a two-headed ogre
 12096 | D:9      | Killed a two-headed ogre
 12097 | D:9      | Reached skill level 5 in Shields
 12200 | D:10     | Offered knowledge of Momentum Strike by Vehumet.
 12206 | D:10     | Reached ** piety under Vehumet
 12223 | D:9      | HP: 3/95 [polar bear (20)]
 12223 | D:9      | Killed by an exploding polar bear... ignited by their inner
                  | flame

Illustrated notes

Levels and vault maps discovered:
D:1:      spicycebolla_arrival_ecumenical, layout_basic
D:2:      layout_rooms, basic_altar
D:3:      layout_basic, gammafunk_temple_overflow_wave, serial_undead,
          serial_undead_b, serial_undead_b, serial_undead_d, serial_undead_f,
          serial_undead_b, serial_undead_b, serial_undead_a, serial_undead_c
D:4:      minmay_recursive_quarters, layout_loops_ring, lemuel_doored_altar,
          uniq_pikel
D:5:      layout_basic, led_sif_pool, kennysheep_pointless_box, st_stairs_10
D:6:      layout_cave_pools, mainiacjoe_overflow_paths, minmay_misc_feat_square,
          minmay_hedge_maze, uniq_crazy_yiuf_cottage
D:7:      layout_loops_ring, minmay_temple_entry_nine_rooms,
          nicolae_stop_n_shop_1, kennysheep_doodads, minmay_misc_feat_ornament,
          grunt_decor_one_mirror
D:8:      layout_basic, nicolae_ossuary_entry_plus, minmay_misc_feat_tiny,
          uniq_psyche
D:9:      layout_stronghold, fiery_altar_vehumet, jmf_multi_god_temple,
          kennysheep_path_1, uniq_grum
D:10:     layout_rooms, nicolae_tso_carved_into_rock,
          nicolae_ru_sacrificial_ziggurat, hellmonk_lair_entry_icy,
          zombieorc2_lemuel, uniq_erolcha, uniq_josephine
Temple:   nicolae_temple_hex_pool

Skill      XL: |  1  2  3  4  5  6  7  8  9 10 11 |
---------------+----------------------------------+-----
Fighting       | 1 2 3 4 6 7 8 |  8.5
Conjurations   | 5 6 7 9 10 11 | 11.9
Spellcasting   | 3 4 5 6 7 |  7.4
Hexes          | 1 2 |  2.0
Fire Magic     | 4 5 6 |  6.4
Shields        | 2 4 5 |  5.0
Translocations | 3 |  3.0
Dodging        | |  1.7
Stealth        | |  1.7

Action                     |  1- 3 |  4- 6 |  7- 9 | 10-12 || total
---------------------------+-------+-------+-------+-------++-------
  Melee: Unarmed           |    45 |       |       |       ||    45
         Tailslap          |     6 |     4 |     7 |     6 ||    23
         Mace              |    27 |    34 |    19 |       ||    80
         Short sword       |       |       |    36 |    51 ||    87
  Throw: Dart              |       |       |     4 |    11 ||    15
   Cast: Magic Dart        |    85 |    46 |   106 |    58 ||   295
         Searing Ray       |       |    10 |    15 |     4 ||    29
         Fulminant Prism   |       |       |    12 |     7 ||    19
         Iskenderun's Myst |       |       |     3 |     5 ||     8
         Inner Flame       |       |       |     8 |    38 ||    46
         Stone Arrow       |       |       |       |     3 ||     3
Ability: Breathe Fire      |       |       |    13 |    11 ||    24
  Evoke: Wand              |       |       |     1 |     4 ||     5
    Use: Scroll            |       |       |    10 |     3 ||    13
         Potion            |       |       |     2 |     2 ||     4
 Armour: Skin              |    26 |    15 |    51 |    43 ||   135
  Dodge: Dodged            |    60 |    44 |    72 |    61 ||   237
  Block: Buckler           |       |       |    11 |    35 ||    46

Table legend: (Time is in decaauts)
 A = Elapsed time spent in this place.
 B = Non-inter-level travel time spent in this place.
 C = Inter-level travel time spent in this place.
 D = Time resting spent in this place.
 E = Time spent auto-exploring this place.
 F = Levels seen in this place.
 G = Mean time per level.
                   A        B        C        D        E       F      G
               +--------+--------+--------+--------+--------+-----+--------+
         Total |  12270 |  11850 |    420 |   2044 |   8192 |  12 | 1022.5 |
       Dungeon |  11744 |  11329 |    415 |   1808 |   8020 |  10 | 1174.4 |
        Temple |     77 |     72 |      5 |      0 |     61 |   1 |   77.0 |
       Ossuary |    448 |    448 |      0 |    235 |    111 |   1 |  448.0 |
               +--------+--------+--------+--------+--------+-----+--------+

Top non-repeatable levels by time:
     D:9: 2072 daAuts
     D:1: 1614 daAuts
     D:4: 1430 daAuts
     D:3: 1360 daAuts
     D:7: 1305 daAuts
     D:5: 1195 daAuts
     D:8: 1093 daAuts
     D:6: 818 daAuts
     D:2: 630 daAuts
 Ossuary: 448 daAuts
    D:10: 223 daAuts
  Temple: 77 daAuts
